 Dungeon Crawl Stone Soup version 0.17.0-56-gd8de76c (webtiles) character file.

8849 gorblad the Cleaver (level 11, -2/162 HPs)
             Began as a Hill Orc Fighter on Dec 4, 2015.
             Was a Priest of Dithmenos.
             Slain by Urug
             ... wielding a +2 dire flail of crushing
              (12 damage)
             ... on level 2 of the Orcish Mines.
             The game lasted 00:32:05 (10952 turns).

gorblad the Cleaver (Hill Orc Fighter)             Turns: 10952, Time: 00:32:06

Health: -2/162     AC: 25    Str: 23    XL:     11   Next: 37%
Magic:  11/11      EV:  2    Int:  8    God:    Dithmenos [***...]
Gold:   661        SH: 12    Dex: 10    Spells: 0 memorised, 10 levels left

rFire  + . .     SeeInvis .     a - +0 war axe
rCold  . . .     Clarity  +     (armour currently unavailable)
rNeg   + + +     SustAt   .     c - +0 shield
rPois  +         Gourm    .     (helmet currently unavailable)
rElec  .         Spirit   .     (cloak currently unavailable)
rCorr  .         Warding  .     (gloves currently unavailable)
rMut   .         NoTele   +     (boots currently unavailable)
MR     .....                    t - amulet of clarity
Stlth  ++........               I - ring of protection from fire
                                f - +4 ring of slaying

@: tree-form, wreathed by umbra, not resistant to hostile enchantments,
unstealthy
A: robust 1
a: Shadow Step, Renounce Religion


You were on level 2 of the Orcish Mines.
You worshipped Dithmenos.
Dithmenos was most pleased with you.
You were not hungry.
You were a tree.
You visited 2 branches of the dungeon, and saw 11 of its levels.

You collected 751 gold pieces.
You spent 90 gold pieces at shops.

Inventory:

Hand Weapons
 a - a +0 war axe (weapon)
 n - a +0 battleaxe
Armour
 b - a +0 scale mail
 c - a +0 shield (worn)
 g - a +0 pair of boots (melded)
 j - a +0 cloak
 o - a troll hide
 s - the +1 ring mail "Wekeunui" {rCorr Str+2}
   (You found it on level 5 of the Dungeon)

   It affects your strength (+2).
   It protects you from acid and corrosion.
 u - a +0 cloak of magic resistance (melded)
 w - a +1 gold dragon armour (melded)
 B - a +0 pair of gloves (melded)
Jewellery
 f - a +4 ring of slaying (left branch)
 t - an amulet of clarity (around neck)
 y - an uncursed ring of protection from cold
 A - an uncursed ring of magical power
 I - a ring of protection from fire (right branch)
 K - an uncursed amulet of faith
Wands
 v - a wand of disintegration (9)
Scrolls
 k - 2 scrolls of amnesia
 D - 2 scrolls of blinking
 F - a scroll of fear
 G - 4 scrolls of teleportation
 M - a scroll of remove curse
Potions
 d - a potion of might
 e - a potion of lignification
 h - 2 potions of resistance
 l - 2 potions of poison
 m - a potion of agility
 p - 2 potions of degeneration
 x - a potion of heal wounds {unknown}
Books
 C - a book of Cantrips

   Spells                             Type                      Level
   a - Corona                         Hexes                        1
   b - Animate Skeleton               Necromancy                   1
   c - Summon Small Mammal            Summoning                    1
   d - Apportation                    Translocation                1
 N - a book of Conjurations

   Spells                             Type                      Level
   a - Magic Dart                     Conjuration                  1
   b - Searing Ray                    Conjuration                  2
   c - Dazzling Spray                 Conjuration/Hexes            3
   d - Fulminant Prism                Conjuration/Hexes            4
   e - Iskenderun's Mystic Blast      Conjuration                  4
   f - Iskenderun's Battlesphere      Conjuration/Charms           5
 R - a book of Enchantments

   Spells                             Type                      Level
   a - Cause Fear                     Hexes                        4
   b - Silence                        Hexes/Air                    5
   c - Deflect Missiles               Charms/Air                   6
   d - Haste                          Charms                       6
   e - Discord                        Hexes                        8
Comestibles
 i - 3 beef jerkies
 q - 4 bread rations
 r - 4 meat rations
 E - a slice of pizza
 H - 12 chunks of flesh


   Skills:
 + Level 10.1 Fighting
 + Level 12.4 Axes
 + Level 9.3 Armour
 + Level 3.6 Dodging
 + Level 0.3 Stealth
 + Level 9.5 Shields


You had 10 spell levels left.
You didn't know any spells.

Dungeon Overview and Level Annotations

Branches:
Dungeon (9/15)             Temple (0/1) D:4             Orc (2/4) D:9
   Lair: D:8-11

Altars:
Dithmenos
Fedhas
Gozag
Kikubaaqudgha
Makhleb
Okawaru
Qazlal
Ru
Trog
Vehumet
Yredelemnul
Zin
Beogh

Shops:
D:8 =

Annotations:
Orc:2 Urug


Innate Abilities, Weirdness & Mutations

You are robust (+10% HP).


Message History

* * * LOW HITPOINT WARNING * * *
x2 Your gold dragon armour prevents you from hitting Urug.
Urug is moderately wounded.
Urug hits you with a dire flail of crushing.
* * * LOW HITPOINT WARNING * * *
x2 You slash Urug!
Urug is heavily wounded.
You block Urug's attack.
Drink which item? (? for menu, Esc to quit)
You turn into a tree.
Your +0 cloak of magic resistance melds into your body.
Your +0 pair of gloves melds into your body.
Your +0 pair of boots melds into your body.
Your +1 gold dragon armour melds into your body.
You feel less resistant to hostile enchantments.
Your roots penetrate the ground.
Your shield prevents you from hitting Urug.
Urug is heavily wounded.
Urug hits you with a dire flail of crushing!
You die...

####..#...#...#
...#.......#
.......##.##
#..........#
##...#..##..##
##.......##...#
##.#.#.#...#..##
#$..#.##......#
###.....o♣...#.##
.....#.(##.#####
.......(####
......).#
.........#
.....#..##
....##### ...#
...


You could see Urug.

Vanquished Creatures
  Harold (Orc:2)
  Erica (D:8)
  The ghost of gorblad the Covered, a novice DgFi (D:9)
  Joseph (D:7)
  A troll (D:9)
  The ghost of dohliylev the Thaumaturge, a novice DESu of Sif Muna (D:7)
  Grinder (D:3)
  The ghost of dohliylev the Magician, an amateur DESu (D:5)
  A hungry ghost (D:7)
  A wyvern (D:8)
  Eustachio (D:5)
  A deep elf mage (D:7)
  A warg (Orc:2)
  Menkaure (D:7)
  A water moccasin (D:8)
  Duvessa (D:4)
  10 orc warriors
  2 black bears
  A phantom (D:4)
  3 centaurs
  A sky beast (D:8)
  6 ogres
  Blork the orc (D:4)
  A big kobold (D:7)
  A giant frog (D:8)
  Dowan (D:4)
  A gnoll sergeant (D:7)
  2 scorpions
  5 wights (D:8)
  A quasit (D:8)
  6 hounds
  5 crimson imps
  A centaur zombie (D:6)
  A giant frog zombie (D:8)
  3 giant frog skeletons
  4 jellies
  10 orc wizards
  Crazy Yiuf (D:5)
  13 orc priests
  A gnoll shaman (D:4)
  6 worker ants
  2 centaur skeletons
  An iguana (D:8)
  A hound skeleton (D:7)
  20 gnolls
  14 adders
  2 shadow imps
  6 oozes
  2 adder zombies
  4 adder skeletons
  6 giant geckos
  56 orcs
  7 bats
  5 giant cockroaches
  12 goblins
  12 hobgoblins
  4 jackals
  9 kobolds
  5 quokkas
  A ball python (D:3)
  7 giant newts
  A jackal skeleton (D:6)
  A quokka skeleton (D:4)
  7 rats
288 creatures vanquished.

Notes
Turn   | Place    | Note
--------------------------------------------------------------
     0 | D:1      | gorblad the Hill Orc Fighter began the quest for the Orb.
     0 | D:1      | Reached XP level 1. HP: 19/19 MP: 1/1
    45 | D:1      | Reached skill level 4 in Fighting
    45 | D:1      | Reached XP level 2. HP: 18/27 MP: 2/2
   225 | D:1      | Reached XP level 3. HP: 29/33 MP: 3/3
   980 | D:2      | Reached XP level 4. HP: 36/41 MP: 4/4
  1723 | D:3      | Reached skill level 1 in Dodging
  1727 | D:3      | You fall through a shaft for 2 floors!
  1727 | D:5      | Entered Level 5 of the Dungeon
  1740 | D:5      | Noticed a centaur
  1752 | D:5      | Reached XP level 5. HP: 18/47 MP: 5/5
  1762 | D:5      | Killed a centaur
  1762 | D:5      | Reached skill level 5 in Fighting
  1762 | D:5      | Reached XP level 6. HP: 21/56 MP: 6/6
  1796 | D:5      | Noticed Eustachio
  2336 | D:5      | HP: 2/56 [quasit[Eustachio] (2)]
  2658 | D:5      | Killed Eustachio
  2658 | D:5      | Reached skill level 5 in Axes
  2914 | D:5      | Reached XP level 7. HP: 40/61 MP: 7/7
  3028 | D:5      | Got a shimmering ring mail
  3039 | D:5      | Identified the +1 ring mail "Wekeunui" {rCorr Str+2} (You found it on level 5 of the Dungeon)
  3109 | D:5      | Noticed dohliylev's ghost (amateur DESu)
  3111 | D:5      | Noticed an ogre
  3115 | D:5      | Killed dohliylev's ghost
  3115 | D:5      | Reached skill level 5 in Shields
  3119 | D:5      | Killed an ogre
  3299 | D:5      | Reached skill level 5 in Armour
  3303 | D:5      | HP: 2/62 [orc priest/trident (4)]
  3305 | D:5      | Reached skill level 6 in Fighting
  3664 | D:5      | Noticed Crazy Yiuf
  3671 | D:5      | Killed Crazy Yiuf
  3671 | D:5      | Reached XP level 8. HP: 50/70 MP: 8/8
  4460 | D:6      | Found a blossoming altar of Fedhas.
  4663 | D:6      | Found Zin's Purification Station.
  4666 | D:6      | Found a glowing silver altar of Zin.
  4669 | D:6      | Bought a potion of curing for 90 gold pieces
  5055 | D:7      | Reached skill level 7 in Axes
  5056 | D:7      | Noticed Menkaure
  5057 | D:7      | Noticed dohliylev's ghost (novice DESu)
  5064 | D:7      | Killed Menkaure
  5064 | D:7      | Reached XP level 9. HP: 48/78 MP: 9/9
  5077 | D:7      | Killed dohliylev's ghost
  5077 | D:7      | Reached skill level 8 in Axes
  5086 | D:7      | Found a shadowy altar of Dithmenos.
  5380 | D:7      | Found an opulent altar of Gozag.
  5393 | D:7      | Found a basalt altar of Yredelemnul.
  5431 | D:7      | Found an iron altar of Okawaru.
  5431 | D:7      | Found an ancient bone altar of Kikubaaqudgha.
  5431 | D:7      | Found a radiant altar of Vehumet.
  5432 | D:7      | Found a bloodstained altar of Trog.
  5432 | D:7      | Found a sacrificial altar of Ru.
  5435 | D:7      | Became a worshipper of Dithmenos the Shadowed
  5474 | D:7      | Reached skill level 9 in Axes
  5540 | D:7      | Noticed Joseph
  5558 | D:7      | Killed Joseph
  6001 | D:7      | Reached * piety under Dithmenos
  6084 | D:4      | Reached XP level 10. HP: 83/88 MP: 10/10
  6152 | D:4      | Found a staircase to the Ecumenical Temple.
  6409 | D:4      | Reached skill level 10 in Axes
  6675 | D:4      | Noticed Duvessa
  6676 | D:4      | Noticed Dowan
  6683 | D:4      | Killed Duvessa
  6705 | D:4      | Killed Dowan
  6991 | D:4      | Noticed Blork the orc
  6997 | D:4      | Killed Blork the orc
  7187 | D:3      | Found a stormy altar of Qazlal.
  7271 | D:3      | Found a faded altar to an unknown god.
  7348 | D:3      | Noticed Grinder
  7365 | D:3      | Killed Grinder
  7494 | D:3      | Found a burning altar of Makhleb.
  7498 | D:3      | Reached ** piety under Dithmenos
  8591 | D:8      | Reached skill level 11 in Axes
  8691 | D:8      | Noticed Erica
  8703 | D:8      | Killed Erica
  8987 | D:8      | Found Amom's Jewellery Shop.
  9134 | D:9      | Reached *** piety under Dithmenos
  9284 | D:9      | Found a roughly hewn altar of Beogh.
  9284 | D:9      | Found a staircase to the Orcish Mines.
  9290 | D:9      | Reached XP level 11. HP: 73/97 MP: 11/11
  9348 | D:9      | Gained mutation: You are robust (+10% HP). [potion of beneficial mutation]
 10132 | D:9      | Noticed gorblad's ghost (novice DgFi)
 10173 | D:9      | Killed gorblad's ghost
 10173 | D:9      | Reached skill level 12 in Axes
 10579 | Orc:1    | Entered Level 1 of the Orcish Mines
 10620 | Orc:1    | Found an iron altar of Okawaru.
 10813 | Orc:2    | Noticed Harold
 10830 | Orc:2    | Killed Harold
 10830 | Orc:2    | Reached skill level 10 in Fighting
 10919 | Orc:2    | Noticed Urug
 10952 | Orc:2    | Slain by Urug

Action                   |  1- 3 |  4- 6 |  7- 9 | 10-12 || total
-------------------------+-------+-------+-------+-------++-------
Melee: War axe           |   112 |   170 |   310 |   463 ||  1055
       Unarmed           |       |       |       |     2 ||     2
  Use: Scroll            |     2 |     6 |     5 |    11 ||    24
       Potion            |       |     2 |     1 |    11 ||    14
  Eat: Chunk             |       |     4 |     9 |    10 ||    23
       Bread ration      |       |     1 |     1 |     1 ||     3
       Beef jerky        |       |       |     2 |       ||     2
       Pizza             |       |       |       |     1 ||     1
